[ AOE2 MATCH · #470785708 ]
UnrankedFranks vs Byzantines
Player's team · LOSS
[ REPLAY ANALYSIS · EXTRACTED FROM THE RECORDED GAME ]
Feudal
—
Castle
7:41
Imperial
—
| APM avg | 41.9 |
| APM peak | 75 |
| eAPM avg | 15.6 |
| Villagers / military | 19 / 71 |
Focus
⚔️ 47.3% · 🌾 52.7%
Knight ×63 · Scout Cavalry ×8
Feudal
—
Castle
7:17
Imperial
—
| APM avg | 24.2 |
| APM peak | 38 |
| eAPM avg | 15.6 |
| Villagers / military | 32 / 26 |
Focus
⚔️ 24.5% · 🌾 75.5%
Camel Scout ×12 · Knight ×9 · Fishing Ship ×5 · Spearman ×4 · Monk ×1
Match map
Initial resources + every placement click. Lines = walls · curves = elevation contours. ◆ gold · ⬟ stone · ● berries · ✦ relic · ◌ wall gap
Your base· Open — unwalled flank
ZhiGang-LI's base· Open — 8t gap
Smoothed initial terrain · ◌ = detected wall gap · hover for details
Inputs per minute
— Trixxaren - - ZhiGang-LI
Build order — Trixxaren
135 actions detected in the replay
| 0:25 | Build | Stable |
| 0:27 | Create | Villager (Male) |
| 0:27 | Create | Villager (Male) |
| 0:40 | Create | Villager (Male) |
| 1:02 | Build | House |
| 1:06 | Build | House |
| 1:09 | Build | House |
| 1:21 | Research | Gold Mining |
| 1:31 | Create | Scout Cavalry |
| 1:31 | Create | Scout Cavalry |
| 1:31 | Create | Scout Cavalry |
| 1:53 | Build | Market |
| 1:56 | Research | Forging |
| 2:11 | Create | Scout Cavalry |
| 2:49 | Research | Scale Barding Armor |
| 3:03 | Build | Mining Camp |
| 4:17 | Build | Farm |
| 4:19 | Build | Farm |
| 4:22 | Build | Farm |
| 5:01 | Research | Castle Age |
| 5:34 | Research | Stone Mining |
| 6:37 | Build | House |
| 7:01 | Build | Farm |
| 7:14 | Build | Farm |
| 7:14 | Build | Farm |
| 7:14 | Build | Farm |
| 7:15 | Build | Farm |
| 7:15 | Build | Farm |
| 7:15 | Build | Farm |
| 7:15 | Build | Farm |
| 7:16 | Build | Farm |
| 7:16 | Build | Farm |
| 7:16 | Build | Farm |
| 7:41 | Age | Castle Age |
| 7:52 | Create | Villager (Male) |
| 7:58 | Create | Knight |
| 7:59 | Create | Knight |
| 8:00 | Create | Knight |
| 8:06 | Build | Stable |
| 8:30 | Build | Town Center |
| 8:32 | Create | Villager (Male) |
| 8:43 | Research | Husbandry |
| 8:46 | Create | Knight |
| 9:03 | Create | Knight |
| 9:03 | Create | Knight |
| 9:45 | Create | Knight |
| 9:45 | Create | Knight |
| 10:00 | Create | Knight |
| 10:00 | Create | Knight |
| 10:30 | Research | Gold Shaft Mining |
| 10:32 | Research | Double-Bit Axe |
| 11:20 | Create | Knight |
| 11:20 | Create | Knight |
| 11:20 | Create | Knight |
| 11:22 | Create | Villager (Male) |
| 11:23 | Create | Villager (Male) |
| 11:43 | Create | Knight |
| 11:43 | Create | Knight |
| 12:03 | Create | Villager (Male) |
| 12:07 | Build | Farm |
| 12:08 | Build | Farm |
| 12:54 | Create | Villager (Male) |
| 12:54 | Create | Villager (Male) |
| 13:21 | Create | Villager (Male) |
| 13:21 | Create | Villager (Male) |
| 13:22 | Create | Villager (Male) |
| 13:39 | Create | Villager (Male) |
| 13:40 | Create | Villager (Male) |
| 13:43 | Create | Knight |
| 13:43 | Create | Knight |
| 13:44 | Create | Knight |
| 13:44 | Create | Knight |
| 14:29 | Create | Villager (Male) |
| 14:29 | Create | Villager (Male) |
| 14:39 | Research | Wheelbarrow |
| 15:31 | Build | Town Center |
| 15:35 | Create | Villager (Male) |
| 15:35 | Create | Villager (Male) |
| 15:43 | Create | Knight |
| 15:43 | Create | Knight |
| 15:43 | Create | Knight |
| 15:51 | Research | Iron Casting |
| 16:22 | Research | Chain Barding Armor |
| 16:33 | Create | Knight |
| 16:33 | Create | Knight |
| 18:40 | Create | Knight |
| 18:40 | Create | Knight |
| 18:40 | Create | Knight |
| 18:40 | Create | Knight |
| 18:41 | Create | Knight |
| 18:41 | Create | Knight |
| 18:43 | Create | Knight |
| 18:43 | Create | Knight |
| 19:32 | Create | Scout Cavalry |
| 19:33 | Create | Scout Cavalry |
| 19:43 | Build | House |
| 19:45 | Build | House |
| 19:46 | Build | House |
| 20:13 | Create | Knight |
| 20:13 | Create | Knight |
| 20:13 | Create | Knight |
| 20:14 | Create | Knight |
| 20:14 | Create | Knight |
| 20:14 | Create | Knight |
| 20:14 | Create | Knight |
| 20:15 | Create | Knight |
| 20:15 | Create | Knight |
| 20:59 | Create | Knight |
| 20:59 | Create | Knight |
| 21:00 | Create | Knight |
| 21:00 | Create | Knight |
| 22:27 | Create | Knight |
| 22:27 | Create | Knight |
| 22:27 | Create | Knight |
| 22:28 | Create | Knight |
| 22:28 | Create | Knight |
| 22:28 | Create | Knight |
| 22:28 | Create | Knight |
| 22:29 | Create | Knight |
| 22:34 | Build | Castle |
| 22:42 | Create | Knight |
| 22:42 | Create | Knight |
| 22:57 | Build | House |
| 22:59 | Build | House |
| 23:09 | Create | Knight |
| 23:09 | Create | Knight |
| 23:09 | Create | Knight |
| 23:24 | Create | Scout Cavalry |
| 23:24 | Create | Scout Cavalry |
| 24:09 | Create | Knight |
| 24:09 | Create | Knight |
| 24:09 | Create | Knight |
| 24:09 | Create | Knight |
| 24:10 | Create | Knight |
| 24:29 | Build | Stable |
Build order — ZhiGang-LI
95 actions detected in the replay
| 0:01 | Create | Villager (Male) |
| 0:22 | Research | Double-Bit Axe |
| 0:23 | Create | Villager (Male) |
| 0:30 | Build | Farm |
| 0:42 | Build | House |
| 0:43 | Build | House |
| 0:51 | Create | Villager (Male) |
| 0:51 | Create | Villager (Male) |
| 1:10 | Create | Villager (Male) |
| 1:30 | Create | Villager (Male) |
| 1:43 | Create | Villager (Male) |
| 1:43 | Create | Villager (Male) |
| 1:54 | Build | Market |
| 2:19 | Create | Villager (Male) |
| 2:35 | Build | Mining Camp |
| 2:37 | Create | Villager (Male) |
| 2:54 | Build | Stable |
| 2:57 | Create | Spearman |
| 2:57 | Create | Spearman |
| 3:10 | Create | Villager (Male) |
| 3:21 | Build | Stable |
| 4:19 | Build | Stable |
| 4:37 | Research | Castle Age |
| 5:10 | Research | Gold Mining |
| 5:41 | Build | Farm |
| 6:34 | Research | Forging |
| 7:03 | Create | Spearman |
| 7:03 | Create | Spearman |
| 7:17 | Age | Castle Age |
| 7:36 | Create | Knight ×3 |
| 8:27 | Build | Castle |
| 8:38 | Create | Villager (Male) |
| 8:38 | Create | Villager (Male) |
| 8:40 | Build | Farm |
| 8:48 | Build | Farm |
| 8:54 | Build | House |
| 8:55 | Build | House |
| 8:56 | Build | House |
| 9:11 | Build | Farm |
| 9:28 | Create | Villager (Male) |
| 10:04 | Build | Farm |
| 10:09 | Create | Villager (Male) |
| 10:09 | Create | Villager (Male) |
| 10:13 | Build | House |
| 10:16 | Build | House |
| 10:17 | Build | House |
| 10:26 | Build | Mining Camp |
| 10:42 | Build | Farm |
| 10:53 | Create | Knight ×3 |
| 11:09 | Build | Farm |
| 11:22 | Create | Knight |
| 12:33 | Build | Town Center |
| 13:11 | Research | Iron Casting |
| 13:28 | Research | Fletching |
| 13:47 | Build | Dock |
| 13:53 | Create | Villager (Male) |
| 13:53 | Create | Villager (Male) |
| 14:36 | Research | Tech 906 |
| 14:36 | Create | Fishing Ship |
| 14:36 | Create | Fishing Ship |
| 14:37 | Create | Fishing Ship |
| 14:49 | Research | Wheelbarrow |
| 14:52 | Create | Fishing Ship |
| 14:52 | Create | Fishing Ship |
| 15:06 | Build | Watch Tower |
| 15:29 | Build | Monastery |
| 15:35 | Research | Husbandry |
| 16:03 | Build | Town Center |
| 16:17 | Research | Scale Barding Armor |
| 16:26 | Create | Monk |
| 16:32 | Build | Dock |
| 16:45 | Create | Villager (Male) |
| 16:45 | Create | Villager (Male) |
| 16:45 | Create | Villager (Male) |
| 17:02 | Research | Stone Mining |
| 17:26 | Create | Knight ×2 |
| 19:01 | Research | Bodkin Arrow |
| 19:24 | Create | Camel Scout |
| 19:28 | Create | Camel Scout ×2 |
| 20:14 | Build | Mining Camp |
| 20:28 | Create | Villager (Male) |
| 20:28 | Create | Villager (Male) |
| 21:35 | Research | Chain Barding Armor |
| 22:05 | Create | Villager (Male) |
| 22:06 | Create | Villager (Male) |
| 22:06 | Create | Villager (Male) |
| 22:55 | Create | Villager (Male) |
| 22:55 | Create | Villager (Male) |
| 23:08 | Create | Villager (Male) |
| 23:08 | Create | Villager (Male) |
| 23:25 | Create | Camel Scout |
| 23:34 | Create | Camel Scout ×4 |
| 23:58 | Create | Villager (Male) |
| 23:59 | Create | Villager (Male) |
| 24:33 | Create | Camel Scout ×4 |
Match timeline
| 0:25 | Trixxaren · first_building Stable |
| 2:54 | ZhiGang-LI · first_building Stable |
| 4:32 | ZhiGang-LI · first_market_buy 100 food |
| 4:48 | Trixxaren · first_market_buy 100 food |
| 4:57 | Trixxaren · first_market_sell 100 wood |
| 7:17 | ZhiGang-LI · age_up castle |
| 7:41 | Trixxaren · age_up castle |
| 8:27 | ZhiGang-LI · first_building Castle |
| 13:47 | ZhiGang-LI · first_building Dock |
| 15:29 | ZhiGang-LI · first_building Monastery |
| 22:34 | Trixxaren · first_building Castle |
| 25:06 | Trixxaren · resign |
[ AI ANALYSIS · 1 CREDIT ]
What really happened in this match?
Wolo.gg analyzes every decision: build order, eco, micro, common mistakes by bracket. Personalized analysis on WhatsApp or Discord in 30 seconds.
Civ guide
Franks
Perfil
Jugador #20524929